 Dungeon Crawl Stone Soup version 0.21-a0-444-g29a2fec (webtiles) character file.

25 slep the Skirmisher (level 2, 0/24 HPs)
             Began as a Demonspawn Monk on Nov 18, 2017.
             Slain by a worker ant (7 damage)
             ... on level 2 of the Dungeon.
             The game lasted 00:01:48 (429 turns).

slep the Skirmisher (Demonspawn Monk)                Turns: 429, Time: 00:01:49

Health: 0/24       AC:  5    Str: 11    XL:     2   Next: 86%
Magic:  2/2        EV: 11    Int: 11    God:
Gold:   56         SH:  0    Dex: 15    Spells: 1/1 levels left

rFire    . . .     SeeInvis .   a - +0 falchion
rCold    . . .     Gourm    .   (no shield)
rNeg     . . .     Faith    .   h - +0 ring mail
rPois    .         Spirit   .   (no helmet)
rElec    .         Reflect  .   (no cloak)
rCorr    .         Harm     .   (no gloves)
MR       .....                  (no boots)
Stlth    +.........             (no amulet)
HPRegen  0.08/turn              (no ring)
MPRegen  0.08/turn              (no ring)

@: lethally poisoned (0 -> -5)
A: claws 1
a: no special abilities


You were on level 2 of the Dungeon.
You were not hungry.

You visited 1 branch of the dungeon, and saw 2 of its levels.

You collected 56 gold pieces.

Inventory:

Hand Weapons
 a - a +0 falchion (weapon)
Armour
 b - a +0 robe
 h - a +0 ring mail (worn)
Scrolls
 f - 2 scrolls of remove curse {unknown}
 g - a scroll of fear {unknown}
 i - a scroll of immolation {unknown}
 j - a scroll of identify {unknown}
Potions
 d - 2 potions of resistance {unknown}
 e - a potion of heal wounds {unknown}
Comestibles
 c - 2 bread rations


   Skills:
 + Level 3.3 Fighting
 + Level 3.2 Long Blades
 + Level 2.9 Dodging
 + Level 1.9 Stealth


You had one spell level left.
You didn't know any spells.

Dungeon Overview and Level Annotations

Branches:
Dungeon (2/15)

Altars:
Nemelex Xobeh
Yredelemnul


Innate Abilities, Weirdness & Mutations

You have sharp fingernails.


Message History

The worker ant bites you.
Your ring mail prevents you from hitting the worker ant.
The worker ant is lightly wounded.
You feel sick.
The worker ant bites you but does no damage.
The worker ant barely misses you.
You riposte.
You closely miss the worker ant.
The worker ant is lightly wounded.
You barely miss the worker ant.
The worker ant is lightly wounded.
The worker ant bites you but does no damage.
You closely miss the worker ant.
The worker ant is lightly wounded.
You feel sick. The worker ant bites you.
* * * LOW HITPOINT WARNING * * *
You hit the worker ant.
The worker ant is moderately wounded.
The worker ant bites you.
* * * LOW HITPOINT WARNING * * *
The worker ant bites you!
You die...

###+#####.....##
#)......#......#
#.#.###.⌠.⌠....#
#.#.#...._.....#
#.#.#.#.⌠.⌠.####
##.#.#.#.#......
#......#.#######
#..#.###.......#
###..#.#
#######@#
.....#.# #.a.#
.....#.. #.##.
.<...#.. #. .#
.....#..# # .#
.....#..# .#
#+#..# .# #.#..#
.# ..#.)#####


You could see a worker ant.

Vanquished Creatures
  2 dart slugs (D:1)
  A leopard gecko (D:2)
  A ball python (D:2)
  A giant cockroach (D:1)
  3 goblins (D:1)
  3 hobgoblins (D:1)
  4 kobolds
  A bat (D:1)
  2 frilled lizards (D:1)
  2 rats (D:1)
20 creatures vanquished.

Notes
Turn   | Place    | Note
-------+----------+-------------------------------------------
     0 | D:1      | slep the Demonspawn Monk began the quest for the Orb.
     0 | D:1      | Reached XP level 1. HP: 18/18 MP: 1/1
   154 | D:1      | Gained mutation: You have sharp fingernails. [demonic ancestry]
   154 | D:1      | Reached XP level 2. HP: 24/24 MP: 2/2
   372 | D:2      | Found a basalt altar of Yredelemnul.
   405 | D:2      | Found a sparkling altar of Nemelex Xobeh.
   429 | D:2      | Slain by a worker ant

Vault maps used:
D:1:      matt_arrival_diagonals, palyth_stone_intersect
D:2:      nemelex_xobeh_ov_fountains_minmay, lemuel_doored_altar,
          chequers_ecumenical_altar_grove

Skill      XL: |  1  2 |
---------------+-------+-----
Long Blades    | 3 |  3.2
Fighting       | |  3.3
Dodging        | |  2.9
Stealth        | |  1.9

Action                   || total
-------------------------++-------
Melee: Falchion          ||    48
 Stab: Sleeping          ||     3
Armor: Ring mail         ||     6
Dodge: Dodged            ||    28
       Rpst.: Falchion   ||    11

Table legend:
 A = Spawn XP
 B = Non-spawn XP
 C = Spawn XP percentage of total XP
 D = Spawn monster count
 E = Non-spawn monster count
 F = Spawn count percentage of total count
 G = Total turns spent on level
                    A         B        C        D         E        F      G
               +---------+---------+-------+---------+---------+-------+---------
         Total |       0 |      37 |   0.0 |       0 |      20 |   0.0 |   429
               +---------+---------+-------+---------+---------+-------+---------
           D:1 |       0 |      31 |   0.0 |       0 |      17 |   0.0 |   356
           D:2 |       0 |       6 |   0.0 |       0 |       3 |   0.0 |    73
               +---------+---------+-------+---------+---------+-------+---------
